 Dungeon Crawl Stone Soup version 0.25-a0-731-g0472a16d6a (webtiles) character file.

Game seed: 14956863284318000518, levelgen mode: deterministic

20199 Lavandula the Bludgeoner (level 12, -2/117 HPs)
             Began as an Ogre Chaos Knight on Dec 24, 2019.
             Was a Plaything of Xom.
             Slain by a skeletal warrior
             ... wielding a +0 hand axe
             ... led by a skeletal warrior
              (22 damage)
             ... on level 12 of the Dungeon on Apr 8, 2020.
             The game lasted 01:10:08 (13702 turns).

Lavandula the Bludgeoner (Ogre Chaos Knight)       Turns: 13702, Time: 01:10:09

Health: -2/117     AC: 15    Str: 23 (24) XL:     12   Next: 77%
Magic:  12/12      EV: 10    Int: 11 (13) God:    Xom [...*..]
Gold:   203        SH:  0    Dex:  9 (10) Spells: 9/11 levels left

rFire    . . .     SeeInvis .   H - +0 giant spiked club
rCold    + . .     Gourm    .   (shield currently unavailable)
rNeg     . . .     Faith    .   f - +2 robe {rC+}
rPois    .         Spirit   .   (helmet restricted)
rElec    .         Reflect  .   F - +1 cloak
rCorr    .         Harm     .   (gloves unavailable)
MR       +....                  (boots unavailable)
Stlth    +.........             (no amulet)
HPRegen  0.29/turn              V - +3 ring of strength
MPRegen  0.13/turn              x - +6 ring of protection

@: studying Crossbows
A: large, unfitting armour, molten scales 1, deformed body, deterioration 1,
robust 1, shaggy fur 1, tough skin 1, subdued magic 1
a: Renounce Religion


You were on level 12 of the Dungeon.
You worshipped Xom.
You were a favourite toy of Xom.
You were not hungry.

You visited 3 branches of the dungeon, and saw 15 of its levels.

You collected 819 gold pieces.
You spent 616 gold pieces at shops.

Inventory:

Hand Weapons
 a - a +0 mace of chaos
 d - a +0 spear
 i - a +0 giant club
 E - a +0 whip of freezing
 H - a +0 giant spiked club (weapon)
 L - a +0 flail
 Q - a +1 whip of flaming
Missiles
 g - 59 poisoned darts
 z - 15 boomerangs
 R - 3 large rocks (quivered)
 Z - 43 bolts
Armour
 f - a +2 robe of cold resistance (worn)
 F - a +1 cloak (worn)
 N - the +1 robe of the Wumpus {Int+2}
   (You found it on level 10 of the Dungeon)

   It affects your intelligence (+2).
Jewellery
 u - an uncursed ring of protection from cold
 x - a +6 ring of protection (right hand)
 y - an uncursed ring of wizardry
 P - a +2 ring of dexterity
 V - a +3 ring of strength (left hand)
Wands
 b - a wand of random effects (9)
 t - a wand of digging (9)
 w - a wand of iceblast (5)
 X - a wand of polymorph (8)
 Y - a wand of flame (27)
Scrolls
 e - 5 scrolls of teleportation
 h - 5 scrolls of amnesia
 j - 4 scrolls of fog
 m - 2 scrolls of magic mapping
 o - 2 scrolls of enchant weapon
 p - 4 scrolls of remove curse
 q - a scroll of immolation
 s - a scroll of random uselessness
 v - a scroll of fear
 B - a scroll of holy word
 G - a scroll of vulnerability
Potions
 k - 2 potions of stabbing
 l - 4 potions of curing
 r - a potion of invisibility
 A - a potion of resistance {unknown}
 D - 3 potions of cancellation
 I - 2 potions of degeneration
 K - 2 potions of mutation
 M - 2 potions of flight {unknown}
 O - a potion of brilliance {unknown}
 S - a potion of ambrosia
 T - a potion of haste
 U - a potion of lignification
Books
 C - a manual of Crossbows
Miscellaneous
 J - a phial of floods (inert)
Comestibles
 c - 18 rations


   Skills:
 - Level 4.0 Fighting
 + Level 16.6 Maces & Flails
 - Level 8.4 Throwing
 - Level 2.1 Dodging


You had 9 spell levels left.
You knew the following spells:

 Your Spells              Type           Power        Failure   Level  Hunger
a - Animate Skeleton      Necr           N/A          30%         1    ##.....
g - Apportation           Tloc           #.....       30%         1    ##.....

Your spell library contained the following spells:

 Spells                   Type           Power        Failure   Level  Hunger
 Corona                   Hex            #......      30%         1    ##.....
 Pain                     Necr           #...         30%         1    ##.....
 Summon Small Mammal      Summ           #...         30%         1    ##.....
 Vampiric Draining        Necr           #.........   67%         3    ####...
 Animate Dead             Necr           N/A          97%         4    #####..
 Agony                    Necr           #.......     100%        5    ######.
 Bolt of Magma            Conj/Fire/Erth #.........   100%        5    ######.
 Iskenderun's Battlesphe  Conj/Chrm      #.......     100%        5    ######.
 Iron Shot                Conj/Erth      #.........   100%        6    #######
 Orb of Destruction       Conj           #.........   100%        7    #######
 Spellforged Servitor     Conj/Summ      #.........   100%        7    #######


Dungeon Overview and Level Annotations

Branches:
Dungeon (12/15)            Temple (0/1) D:5            Lair (2/6) D:11
 Spider (0/4) Lair:2          Orc (1/2) D:11
  Swamp: Lair:2-4    Shoals: Lair:2-4

Altars:
Ashenzari
Cheibriados
Dithmenos
Fedhas
Gozag
Ru
Sif Muna
Trog
Uskayaw
Vehumet
Wu Jian
Xom
Zin
The Shining One
Beogh

Shops:
D:4 *[}   D:7 ?   D:8 :   D:11 *!


Innate Abilities, Weirdness & Mutations

You are too large for most types of armour.
You have tough skin. (AC +1)
You are partially covered in molten scales. (AC +2)
Armour fits poorly on your strangely shaped body.
Your body sometimes deteriorates upon taking damage.
You are robust. (+10% HP)
You are covered in fur. (AC +1)
Your spells are a little easier to cast, but a little less powerful.


Message History

* * * LOW HITPOINT WARNING * * *
Unknown command. "See what I see, my child!"
You detect creatures!
You are now a favourite toy of Xom.
A skeletal warrior comes into view. It is wielding a +0 long sword.
The skeletal warrior hits you but does no damage.
You see here a howler monkey corpse.
The skeletal warrior throws a stone.
The stone hits you!
* * * LOW HITPOINT WARNING * * *
Your body deteriorates!
You feel weakened.
Unknown command.
The skeletal warrior hits you but does no damage.
Unknown command.
Unknown command.
Unknown command.
Unknown command.
The skeletal warrior hits you with a +0 hand axe!!
You die...
Xom howls with laughter!

.............# #.#
#.#....####.# #.#
#....#.# #.###.#
#.#..#.# #.....#
##.#$^#.##########
)..z....#.. ..#
##/#.##.#.# #.#
#.#....#.# #.#
#.######.######@#
#....###.#....#z#
#..#.....#....#.#
#..#.#........#.#
.........z.>††...#
z.....#.######.#######
#####.#...)..........#
#.#.#.####.#####.#
#.#.#.#....#


You could see a skeletal warrior.

Vanquished Creatures
  Harold (D:8)
  4 two-headed ogres
  2 skeletal warriors (D:12)
  An unseen horror (D:11)
  An orc sorcerer (Orc:1)
  An ugly thing (D:7)
  A cyclops (D:11)
  A manticore (D:11)
  A black mamba (Lair:2)
  Maurice (D:8)
  The ghost of emiel the Chopper, a novice FoFi of Cheibriados (D:11)
  A spiny frog (Lair:1)
  4 komodo dragons
  A merfolk (D:7)
  2 hornets (Lair:1)
  4 hippogriffs
  Sigmund (D:3)
  A shadow (D:12)
  A vampire (D:10)
  4 yaks
  A basilisk (shapeshifter) (D:6)
  A basilisk (Lair:1)
  2 neqoxecs (D:11)
  3 hungry ghosts
  Menkaure (D:5)
  An acid dragon (D:11)
  3 porcupines
  13 orc warriors
  4 ice beasts
  2 phantoms
  3 sky beasts
  3 slaves (D:9)
  2 black bears
  3 ogres
  5 wolves
  9 centaurs
  4 crocodiles
  7 bullfrogs
  A wyvern skeleton (D:10)
  A wyvern zombie (D:11)
  6 scorpions
  7 wights
  3 crimson imps
  A howler monkey (D:12)
  4 jellies
  4 quasits (D:11)
  4 bullfrog zombies
  A centaur skeleton (D:9)
  12 orc priests
  3 bullfrog skeletons
  10 hounds
  3 iguanas
  15 orc wizards
  6 worker ants
  Natasha (thrice) (D:3)
  A hound zombie (D:5)
  A hound skeleton (D:11)
  3 gnolls (D:6)
  13 adders
  2 shadow imps
  An adder zombie (D:5)
  4 adder skeletons
  3 worms
  2 dart slugs (D:1)
  3 leopard geckos
  64 orcs
  A giant cockroach (D:2)
  4 goblins
  8 hobgoblins
  2 jackals (D:7)
  7 quokkas
  6 bats
  3 frilled lizards
  9 kobolds
  2 leopard gecko skeletons
  A leopard gecko zombie (D:6)
  A quokka zombie (D:5)
  7 rats
333 creatures vanquished.

Vanquished Creatures (collateral kills)
  Pikel (D:9)
  A hippogriff (D:11)
  A yak (D:11)
  A necrophage (D:8)
  A gnoll shaman (D:8)
  A worker ant (D:11)
  2 orc wizards (D:5)
  3 gnolls (D:8)
  An adder (D:8)
  2 orcs
  A leopard gecko zombie (D:5)
15 creatures vanquished.

Vanquished Creatures (others)
  A slave (D:9)
  An ogre (D:6)
  A wight (D:9)
  A goblin (D:2)
  6 fungi (Lair:1)
  2 plants (Lair:1)
12 creatures vanquished.

Grand Total: 360 creatures vanquished

Notes
Turn   | Place    | Note
-------+----------+-------------------------------------------
     0 | D:1      | Lavandula the Ogre Chaos Knight began the quest for the
                  | Orb.
     0 | D:1      | Reached XP level 1. HP: 24/24 MP: 1/1
   131 | D:1      | XOM: harmless Pois miscast
   143 | D:1      | Reached skill level 3 in Maces & Flails
   150 | D:1      | Reached XP level 2. HP: 15/32 MP: 2/2
   295 | D:1      | XOM: harmless Conj miscast
   380 | D:1      | XOM: harmless Air miscast
   619 | D:2      | XOM: divination: magic mapping
   757 | D:1      | Reached XP level 3. HP: 39/39 MP: 3/3
  1009 | D:3      | Reached skill level 4 in Maces & Flails
  1251 | D:3      | Found a sacrificial altar of Ru.
  1330 | D:4      | XOM: potion effect (might)
  1343 | D:3      | Reached XP level 4. HP: 29/48 MP: 4/4
  1354 | D:3      | XOM: divination: detect items
  1386 | D:3      | XOM: 4-stop teleportation journey
  1412 | D:3      | XOM: divination: magic mapping
  1445 | D:3      | Noticed Natasha
  1454 | D:3      | Killed Natasha
  1564 | D:3      | Reached skill level 5 in Maces & Flails
  1564 | D:3      | Reached XP level 5. HP: 52/54 MP: 5/5
  1748 | D:3      | Noticed Natasha
  1763 | D:3      | XOM: polymorph crimson imp -> shadow imp
  1765 | D:3      | Killed Natasha
  1991 | D:3      | Noticed Natasha
  1995 | D:3      | Killed Natasha
  2060 | D:3      | Noticed Sigmund
  2061 | D:3      | XOM: scenery: create altars
  2068 | D:3      | XOM: 2-stop teleportation journey
  2194 | D:3      | Killed Sigmund
  2194 | D:3      | Reached XP level 6. HP: 39/62 MP: 6/6
  2244 | D:4      | Found Boanasch's General Store.
  2261 | D:4      | Bought a potion of curing for 36 gold pieces
  2261 | D:4      | Bought a scroll of immolation for 42 gold pieces
  2261 | D:4      | Bought a scroll of random uselessness for 12 gold pieces
  2333 | D:4      | Found Catzem's Gadget Boutique.
  2333 | D:4      | Found a glowing silver altar of Zin.
  2333 | D:4      | Found an opulent altar of Gozag.
  2333 | D:4      | Found Saex's Antique Armour Shoppe.
  2333 | D:4      | XOM: 8-stop teleportation journey
  2517 | D:4      | Found an ornate altar of the Wu Jian Council.
  2534 | D:4      | Reached skill level 6 in Maces & Flails
  2534 | D:4      | Reached XP level 7. HP: 69/70 MP: 7/7
  2624 | D:4      | XOM: cloud trail
  2738 | D:5      | Entered Level 5 of the Dungeon
  2808 | D:5      | XOM: god gift: spear {god gift}
  2829 | D:5      | Found a staircase to the Ecumenical Temple.
  3096 | D:5      | Reached skill level 7 in Maces & Flails
  3103 | D:5      | Found a shadowy altar of Dithmenos.
  3205 | D:5      | Reached XP level 8. HP: 53/78 MP: 8/8
  3286 | D:5      | Noticed Menkaure
  3295 | D:5      | XOM: cleaving
  3605 | D:6      | Reached skill level 8 in Maces & Flails
  3613 | D:6      | XOM: cast spell 'Ring of Flames'
  3711 | D:5      | Found a shimmering blue altar of Sif Muna.
  3874 | D:5      | XOM: summons friendly neqoxec
  3894 | D:5      | Killed Menkaure
  3894 | D:5      | Reached skill level 9 in Maces & Flails
  4089 | D:5      | XOM: cleaving
  4105 | D:5      | XOM: polymorph ice beast -> wolf
  4330 | D:5      | XOM: divination: detect creatures
  4475 | D:6      | Reached skill level 10 in Maces & Flails
  4475 | D:6      | Reached XP level 9. HP: 18/84 MP: 9/9
  4519 | D:6      | XOM: give mutations
  4519 | D:6      | Gained mutation: You are partially covered in molten
                  | scales. (AC +2) [Xom's grace]
  4519 | D:6      | Gained mutation: Your flesh is cold resistant. (rC+) [Xom's
                  | grace]
  4519 | D:6      | Gained mutation: You are covered in fur. (AC +1) [Xom's
                  | grace]
  4519 | D:6      | Gained mutation: Your muscles are strong. (Str +2) [Xom's
                  | grace]
  4629 | D:6      | Upgraded the game from 0.25-a0-316-gd28d56f9c5 to
                  | 0.25-a0-346-g140ab784a8
  4696 | D:6      | XOM: divine lightning
  4841 | D:6      | XOM: divination: detect items
  4848 | D:6      | Found a snail-covered altar of Cheibriados.
  4883 | D:6      | XOM: god gift: 54 gold pieces
  4885 | D:6      | XOM: polymorph orc wizard -> shapeshifter
  4900 | D:6      | XOM: scenery: 3 doors close
  4916 | D:6      | XOM: cleaving
  5097 | D:6      | XOM: scenery: 1 doors close
  5199 | D:7      | Reached skill level 11 in Maces & Flails
  5209 | D:7      | Found a radiant altar of Vehumet.
  5213 | D:7      | XOM: confuse monster(s)
  5261 | D:7      | XOM: scenery: 1 doors close
  5267 | D:7      | XOM: 4-stop teleportation journey
  5291 | D:7      | Noticed a purple ugly thing
  5364 | D:7      | XOM: harmless Hex miscast
  5687 | D:7      | XOM: divination: detect creatures
  5894 | D:7      | Killed a purple ugly thing
  6019 | D:7      | Reached skill level 12 in Maces & Flails
  6070 | D:7      | Found a shimmering altar of Xom.
  6138 | D:7      | Reached XP level 10. HP: 91/92 MP: 10/10
  6185 | D:7      | Found Nust's Magic Scroll Shoppe.
  6190 | D:7      | Bought a scroll of magic mapping for 45 gold pieces
  6190 | D:7      | Bought a scroll of holy word for 97 gold pieces
  6322 | D:8      | Noticed a two-headed ogre
  6425 | D:8      | XOM: silly message
  6449 | D:8      | Noticed Maurice
  6464 | D:8      | Killed Maurice
  6473 | D:8      | Found Qeix's Book Emporium.
  6473 | D:8      | XOM: cast spell 'Summon Ice Beast'
  6526 | D:8      | Upgraded the game from 0.25-a0-346-g140ab784a8 to
                  | 0.25-a0-366-g516bc45ae0
  6526 | D:8      | Upgraded the game from 0.25-a0-366-g516bc45ae0 to
                  | 0.25-a0-503-ge281fa673e
  6526 | D:8      | Upgraded the game from 0.25-a0-503-ge281fa673e to
                  | 0.25-a0-583-g696c2ac64d
  6526 | D:8      | Upgraded the game from 0.25-a0-583-g696c2ac64d to
                  | 0.25-a0-713-g4845790874
  6526 | D:8      | Upgraded the game from 0.25-a0-713-g4845790874 to
                  | 0.25-a0-731-g0472a16d6a
  6679 | D:8      | Reached skill level 13 in Maces & Flails
  6688 | D:8      | Noticed Harold
  6691 | D:8      | XOM: scenery: 1 doors close
  6729 | D:8      | XOM: potion effect (brilliance)
  6749 | D:8      | XOM: harmless Fire miscast
  6776 | D:8      | Killed Harold
  6833 | D:8      | Noticed a two-headed ogre
  6843 | D:7      | XOM: silly message
  6844 | D:7      | XOM: potion effect (curing)
  6873 | D:7      | XOM: potion effect (might)
  6888 | D:7      | XOM: potion effect (invisibility)
  6897 | D:7      | XOM: confuse monster(s)
  7042 | D:7      | a two-headed ogre changed into a merfolk
  7042 | D:7      | XOM: polymorph two-headed ogre -> merfolk
  7065 | D:7      | XOM: potion effect (invisibility)
  7077 | D:7      | XOM: summons friendly quasit
  7384 | D:8      | XOM: stat loss: -1 Str (20/21)
  7637 | D:8      | Found a hide-covered altar of Uskayaw.
  7729 | D:8      | XOM: confusion
  7736 | D:8      | XOM: confusion
  7739 | D:8      | XOM: 4-stop teleportation journey
  7777 | D:8      | Killed a two-headed ogre
  7777 | D:8      | Reached skill level 14 in Maces & Flails
  7777 | D:8      | Reached XP level 11. HP: 34/100 MP: 11/11
  8178 | D:9      | XOM: 2-stop teleportation journey
  8182 | D:10     | Entered Level 10 of the Dungeon
  8232 | D:10     | Learned a level 1 spell: Animate Skeleton
  8234 | D:10     | Learned a level 1 spell: Apportation
  8261 | D:10     | XOM: harmless Fire miscast
  8270 | D:10     | XOM: potion effect (brilliance)
  8324 | D:10     | XOM: harmless Tloc miscast
  8514 | D:10     | Identified the +7 falchion "Bapys" {flame, MR+ Int+3 Dex+2}
  8591 | D:10     | XOM: mild Tmut miscast
  8658 | D:10     | Found a bloodstained altar of Trog.
  8874 | D:10     | Got a warped robe
  8875 | D:10     | Identified the +1 robe of the Wumpus {Int+2} (You found it
                  | on level 10 of the Dungeon)
  8892 | D:11     | Noticed a manticore
  8899 | D:11     | Killed a manticore
  8978 | D:10     | Noticed a two-headed ogre
  8981 | D:10     | XOM: confuse monster(s)
  9021 | D:10     | Killed a two-headed ogre
  9056 | D:9      | Noticed Pikel
  9060 | D:9      | XOM: noise
  9074 | D:9      | XOM: divination: magic mapping
  9083 | D:9      | XOM: confuse monster(s)
  9084 | D:9      | XOM: enchant monster (good)
  9086 | D:9      | Killed Pikel
  9086 | D:9      | Reached skill level 15 in Maces & Flails
  9120 | D:9      | Noticed a two-headed ogre
  9129 | D:9      | XOM: divination: magic mapping
  9136 | D:9      | XOM: silly message
  9154 | D:9      | Killed a two-headed ogre
  9191 | D:9      | XOM: cloud trail
  9302 | D:9      | XOM: cast spell 'Call Canine Familiar'
  9308 | D:9      | XOM: potion effect (curing)
  9313 | D:9      | XOM: potion effect (invisibility)
  9381 | D:9      | Found a blossoming altar of Fedhas.
  9382 | D:9      | Found a glowing golden altar of the Shining One.
  9397 | D:9      | Noticed a two-headed ogre
  9403 | D:9      | XOM: harmless Fire miscast
  9413 | D:9      | XOM: potion effect (haste)
  9441 | D:8      | XOM: harmless Necr miscast
  9508 | D:8      | XOM: silly message
  9540 | D:9      | XOM: summons friendly white imp
  9546 | D:9      | XOM: divination: detect items
  9548 | D:9      | Killed a two-headed ogre
  9564 | D:9      | XOM: fog
  9603 | D:9      | XOM: noise
  9695 | D:9      | Found a shattered altar of Ashenzari.
  9795 | D:11     | Found a transporter.
  9797 | D:11     | Noticed emiel's ghost (novice FoFi)
 10022 | D:11     | Found a transporter.
 10252 | D:11     | Killed an unseen horror
 10556 | D:11     | XOM: noise
 10623 | D:11     | XOM: divination: detect items
 10684 | D:11     | Noticed a cyclops
 10717 | D:11     | XOM: swap monsters
 10719 | D:11     | XOM: noise
 10743 | D:11     | Reached skill level 16 in Maces & Flails
 10774 | D:11     | Killed a cyclops
 10774 | D:11     | Reached XP level 12. HP: 49/107 MP: 12/12
 10956 | D:11     | Found Zeur's Distillery.
 10977 | D:11     | Bought a potion of ambrosia for 96 gold pieces
 10977 | D:11     | Bought a potion of degeneration for 12 gold pieces
 10977 | D:11     | Bought a potion of mutation for 96 gold pieces
 10977 | D:11     | Bought a potion of haste for 120 gold pieces
 10977 | D:11     | Bought a potion of lignification for 36 gold pieces
 10987 | D:11     | XOM: harmless Hex miscast
 11020 | D:11     | XOM: divination: magic mapping
 11023 | D:11     | Found a staircase to the Lair.
 11023 | D:11     | XOM: summons 11 friendly demons
 11432 | D:11     | XOM: summons 11 friendly demons
 11567 | D:11     | Found Bidwifetz's Assorted Antiques.
 11577 | D:11     | Bought an inky potion for 24 gold pieces
 11670 | D:11     | XOM is BORED!
 11670 | D:11     | XOM: medium Tloc miscast
 11686 | D:11     | XOM: mild Fire miscast
 11830 | D:11     | Killed emiel's ghost
 11839 | D:11     | Gained mutation: Your body sometimes deteriorates upon
                  | taking damage. [a neqoxec]
 11842 | D:11     | XOM: cleaving
 11922 | D:11     | XOM: god gift: 27 stones
 12069 | Lair:1   | Entered Level 1 of the Lair of Beasts
 12078 | Lair:1   | Reached skill level 5 in Throwing
 12085 | Lair:1   | XOM: destruction
 12223 | Lair:1   | You fall into a shaft and drop 1 floor!
 12427 | Lair:2   | XOM: silly message
 12483 | Lair:2   | XOM: give mutations
 12483 | Lair:2   | Lost mutation: Your flesh is cold resistant. (rC+) [Xom's
                  | mischief]
 12483 | Lair:2   | Gained mutation: You have an increased reservoir of magic.
                  | (+10% MP) [Xom's mischief]
 12514 | Lair:2   | XOM: silly message
 12560 | Lair:2   | XOM: stat loss: -1 Str (22/23)
 12571 | Lair:2   | XOM: give mutation
 12571 | Lair:2   | Lost mutation: Your muscles are strong. (Str +2) [Xom's
                  | mischief]
 12574 | Lair:2   | Found a hole to the Spider Nest.
 12702 | Lair:1   | XOM: enchant monster (good)
 12732 | Lair:1   | XOM: give mutations
 12732 | Lair:1   | Gained mutation: You are robust. (+10% HP) [Xom's mischief]
 12732 | Lair:1   | Lost mutation: You have an increased reservoir of magic.
                  | (+10% MP) [Xom's mischief]
 12732 | Lair:1   | Gained mutation: Your spells are a little easier to cast,
                  | but a little less powerful. [Xom's mischief]
 12732 | Lair:1   | Gained mutation: Armour fits poorly on your strangely
                  | shaped body. [Xom's mischief]
 12781 | Lair:1   | XOM: cast spell 'Leda's Liquefaction'
 13137 | Lair:1   | Paralysed by a hornet for 1 turns
 13282 | Lair:1   | XOM: harmless Chrm miscast
 13302 | D:11     | XOM: divination: magic mapping
 13406 | D:11     | Found a roughly hewn altar of Beogh.
 13409 | D:11     | Found a staircase to the Orcish Mines.
 13413 | D:11     | XOM: harmless Fire miscast
 13425 | Orc:1    | Entered Level 1 of the Orcish Mines
 13540 | D:12     | XOM: smoke on damage
 13561 | D:12     | XOM: potion effect (heal wounds)
 13585 | D:12     | XOM: potion effect (might)
 13684 | D:12     | XOM: noise
 13693 | D:12     | XOM: divination: detect creatures
 13702 | D:12     | Slain by a skeletal warrior

Levels and vault maps discovered:
D:1:      lemuel_arrival_hallway, layout_loops_ring
D:2:      layout_loops_corners, grunt_qazlal_sundering,
          chequers_ecumenical_altar_simple_redux
D:3:      layout_basic, lemuel_coloured_pillars_altar,
          nicolae_ru_sacrificial_ziggurat, uniq_natasha, uniq_sigmund
D:4:      layout_basic, grunt_temple_overflow_gold_and_silver,
          lemuel_crystal_altar, serial_shops, nicolae_shop_crystal, shop,
          shop_fountains, first_ration
D:5:      layout_basic, nicolae_dithmenos_shadow_blocks, lemuel_crystal_altar,
          minmay_temple_entry_drinking_statues, uniq_menkaure
D:6:      layout_gridville, overflow_temple_1_default
D:7:      layout_loops_corners, fiery_altar_vehumet, lemuel_round_altar,
          kennysheep_little_box, serial_shops, shop, serial_co_window_serial,
          co_window_corner_a, co_window_paths_b, co_window_paths_a,
          co_window_corner_a, co_window_paths_b, co_window_corner_a,
          co_window_of_opportunity_b, co_window_cross_4, co_window_2corner,
          co_window_paths_e, minmay_manual_mares
D:8:      layout_basic, old_standard_altar, serial_shops, shop, uniq_maurice,
          uniq_harold
D:9:      layout_loops_corners, evilmike_ruin_ashenzari,
          gammafunk_temple_overflow_pools, hangedman_fish_farm,
          grunt_ministairs_3, minmay_misc_feat_plants, uniq_pikel
D:10:     layout_rooms, lemuel_centaur_altar
D:11:     layout_irregular_city, lair_entry_dummy, david_orc_5, serial_shops,
          shop, nicolae_shop_overgrown_old_shop, gammafunk_ghost_stat_death
D:12:     hangedman_what_comes_after_a, layout_basic
Lair:1:   minmay_lair_venomous_thicket, layout_layer_cave
Lair:2:   layout_cave_pods, spider_nest_entry_web_field
Orc:1:    layout_diamond_mine, basic_altar

Skill      XL: |  1  2  3  4  5  6  7  8  9 10 11 12 |
---------------+-------------------------------------+-----
Maces & Flails | 3 4 5 6 7 10 12 14 16 | 16.6
Throwing       | 3 8 |  8.4
Fighting       | |  4.0
Dodging        | |  2.1

Action                   |  1- 3 |  4- 6 |  7- 9 | 10-12 || total
-------------------------+-------+-------+-------+-------++-------
Melee: Mace              |    97 |   133 |   370 |   431 ||  1031
       Whip              |    15 |       |       |   106 ||   121
       Giant club        |       |       |       |   281 ||   281
       Giant spiked club |       |       |       |    21 ||    21
Throw: Dart              |       |    17 |    77 |    80 ||   174
       Boomerang         |       |       |       |    40 ||    40
       Large rock        |       |       |       |    18 ||    18
Evoke: Wand              |       |       |     5 |    22 ||    27
       Phial of floods   |       |       |       |     2 ||     2
  Use: Scroll            |       |     4 |     5 |    11 ||    20
       Potion            |       |     2 |     3 |     5 ||    10
 Stab: Paralysed         |     1 |     2 |     7 |     2 ||    12
       Confused          |       |       |     1 |     3 ||     4
       Sleeping          |       |       |     1 |     1 ||     2
       Petrifying        |       |       |       |     1 ||     1
       Invisible         |       |       |       |     1 ||     1
       Distracted        |       |       |       |     2 ||     2
  Eat: Chunk             |     1 |     4 |    11 |    22 ||    38
       Ration            |       |       |     1 |     2 ||     3
Armor: Robe              |    44 |    38 |   113 |   283 ||   478
       Skin              |       |     8 |       |     8 ||    16
Dodge: Dodged            |    67 |    66 |   146 |   299 ||   578

Table legend:
 A = Non-vault XP
 B = Vault XP
 C = Vault XP percentage of total XP
 D = Non-vault monster count
 E = Vault monster count
 F = Vault count percentage of total count
                 A         B        C        D         E       F
            +---------+---------+-------+---------+---------+-------
      Total |   23506 |    5351 |  18.5 |     304 |      43 |  12.4
            +---------+---------+-------+---------+---------+-------
        D:1 |      33 |       0 |   0.0 |      18 |       0 |   0.0
        D:2 |      10 |       0 |   0.0 |       7 |       0 |   0.0
        D:3 |     206 |     258 |  55.6 |      29 |       2 |   6.5
        D:4 |     264 |       0 |   0.0 |      14 |       0 |   0.0
        D:5 |     832 |     128 |  13.3 |      28 |       1 |   3.4
        D:6 |    1563 |       0 |   0.0 |      35 |       0 |   0.0
        D:7 |    2154 |     230 |   9.6 |      28 |       2 |   6.7
        D:8 |    2094 |    1478 |  41.4 |      34 |       2 |   5.6
        D:9 |    3521 |     566 |  13.8 |      27 |       1 |   3.6
       D:10 |    1968 |     110 |   5.3 |      17 |       1 |   5.6
       D:11 |    4780 |    1613 |  25.2 |      38 |      29 |  43.3
       D:12 |    2243 |       0 |   0.0 |       8 |       0 |   0.0
     Lair:1 |    1859 |     968 |  34.2 |       9 |       5 |  35.7
     Lair:2 |    1166 |       0 |   0.0 |       7 |       0 |   0.0
      Orc:1 |     813 |       0 |   0.0 |       5 |       0 |   0.0
            +---------+---------+-------+---------+---------+-------
